 Dungeon Crawl Stone Soup version 0.25-a0-766-g0ecfff5982 (webtiles) character file.

Game seed: 8209862914565790626, levelgen mode: deterministic

5 GrFlur the Conjurer (level 1, -1/14 HPs)
             Began as a Draconian Conjurer on Apr 13, 2020.
             Slain by a kobold
             ... wielding a cursed -3 dagger
              (3 damage)
             ... on level 1 of the Dungeon.
             The game lasted 00:10:44 (129 turns).

GrFlur the Conjurer (Draconian Conjurer)             Turns: 129, Time: 00:10:45

Health: -1/14      AC:  4    Str: 10    XL:     1   Next: 66%
Magic:  3/3        EV: 12    Int: 15    God:
Gold:   11         SH:  0    Dex: 11    Spells: 3/4 levels left

rFire    . . .     SeeInvis .   g - +0 club
rCold    . . .     Gourm    .   (no shield)
rNeg     . . .     Faith    .   (armour unavailable)
rPois    .         Spirit   .   (helmet restricted)
rElec    .         Reflect  .   (no cloak)
rCorr    .         Harm     .   (no gloves)
MR       .....                  (no boots)
Stlth    ++........             (no amulet)
HPRegen  0.04/turn              (no ring)
MPRegen  0.08/turn              (no ring)

@: no status effects
A: unfitting armour, cold-blooded, AC +4
a: no special abilities


You were on level 1 of the Dungeon.
You were not hungry.

You visited 1 branch of the dungeon, and saw 1 of its levels.

You collected 11 gold pieces.

Inventory:

Hand Weapons
 g - a +0 club (weapon)
Missiles
 d - 10 stones (quivered)
Armour
 e - a +0 chain mail
Scrolls
 a - a scroll of magic mapping {unknown}
 c - a scroll of identify {unknown}
 f - a scroll of remove curse {unknown}
Comestibles
 b - 2 rations


   Skills:
 + Level 1.8 Dodging
 + Level 1.7 Stealth
 + Level 0.2 Unarmed Combat
 + Level 2.0 Spellcasting
 + Level 4.2 Conjurations


You had 3 spell levels left.
You knew the following spells:

 Your Spells              Type           Power        Failure   Level  Hunger
a - Magic Dart            Conj           ##..         4%          1    #......

Your spell library contained the following spells:

 Spells                   Type           Power        Failure   Level  Hunger
 Searing Ray              Conj           ##....       6%          2    ###....
 Dazzling Flash           Conj/Hex       #.....       28%         3    ###....
 Fulminant Prism          Conj/Hex       #.........   67%         4    #####..
 Iskenderun's Mystic Bla  Conj/Tloc      #.......     67%         4    #####..


Dungeon Overview and Level Annotations

Branches:
Dungeon (1/15)

Altars:


Innate Abilities, Weirdness & Mutations

Your plain brown scales are hard. (AC +4)
You cannot fit into any form of body armour.
You are cold-blooded and may be slowed by cold attacks.


Message History

The bat hits you but does no damage. The bat hits you but does no damage.
A rat comes into view.
Really attack unarmed? [Y]es or [N]o only, please.
Really attack unarmed?
Okay, then.
g - a +0 club (weapon)
The bat hits you but does no damage.
You miss the bat. The bat barely misses you.
The rat bites you but does no damage. The rat closely misses you.
You hit the bat.
You kill the bat!
The kobold closely misses you. The rat bites you but does no damage.
You closely miss the kobold. The kobold barely misses you. The rat misses you.
The kobold hits you but does no damage.
You miss the kobold. The rat bites you.
* * * LOW HITPOINT WARNING * * *
The kobold hits you with a cursed -3 dagger.
You die...

#######....##
#.....####
#.#......#
#.b##....## #
#..#(.....## #
#..#.......# #
#..........# #
##.#.....K.####
#
#.#......@...#
# ######..r..#
####......
...... ....#
....# ...# ...#


You could see a kobold and a rat.

Vanquished Creatures
  A hobgoblin (D:1)
  2 bats (D:1)
  A frilled lizard (D:1)
  A goblin (D:1)
  A kobold (D:1)
6 creatures vanquished.

Notes
Turn   | Place    | Note
-------+----------+-------------------------------------------
     0 | D:1      | GrFlur the Draconian Conjurer began the quest for the Orb.
     0 | D:1      | Reached XP level 1. HP: 14/14 MP: 3/3
   129 | D:1      | Slain by a kobold

Levels and vault maps discovered:
D:1:      mrwooster_arrival_statue, layout_rooms

Action                   || total
-------------------------++-------
Melee: Unarmed           ||    37
       Tailslap          ||     5
       Club              ||     4
Throw: Stone             ||     1
Armor: Skin              ||    32
Dodge: Dodged            ||    50

Table legend:
 A = Non-vault XP
 B = Vault XP
 C = Vault XP percentage of total XP
 D = Non-vault monster count
 E = Vault monster count
 F = Vault count percentage of total count
                 A         B        C        D         E       F
            +---------+---------+-------+---------+---------+-------
      Total |       8 |       0 |   0.0 |       6 |       0 |   0.0
            +---------+---------+-------+---------+---------+-------
        D:1 |       8 |       0 |   0.0 |       6 |       0 |   0.0
            +---------+---------+-------+---------+---------+-------
